 Dungeon Crawl Stone Soup version 0.21.1-1-g345015f (webtiles) character file.

78 nicolaieve the Chopper (level 4, -2/41 HPs)
             Began as a Minotaur Berserker on June 10, 2018.
             Was a Believer of Trog.
             Slain by an orc
             ... wielding a +0 flail
              (10 damage)
             ... on level 3 of the Dungeon.
             The game lasted 00:10:23 (1296 turns).

nicolaieve the Chopper (Minotaur Berserker)         Turns: 1296, Time: 00:10:28

Health: -2/41      AC:  3    Str: 23    XL:     4   Next: 15%
Magic:  3/3        EV: 12    Int:  4    God:    Trog [**....]
Gold:   122        SH:  0    Dex:  9    Spells: 3/3 levels left

rFire    . . .     SeeInvis .   a - +0 hand axe
rCold    . . .     Gourm    .   (no shield)
rNeg     . . .     Faith    .   b - +0 animal skin
rPois    .         Spirit   .   (helmet restricted)
rElec    .         Reflect  .   (no cloak)
rCorr    .         Harm     .   r - +0 pair of gloves
MR       .....                  (no boots)
Stlth    +.........             (no amulet)
HPRegen  0.13/turn              (no ring)
MPRegen  0.08/turn              (no ring)

@: no status effects
A: retaliatory headbutt, horns 2
a: Berserk, Trog's Hand, Burn Spellbooks, Renounce Religion


You were on level 3 of the Dungeon.
You worshipped Trog.
Trog was pleased with you.
You were not hungry.

You visited 1 branch of the dungeon, and saw 3 of its levels.

You collected 122 gold pieces.

Inventory:

Hand Weapons
 a - a +0 hand axe (weapon)
Missiles
 j - 26 poisoned needles
 n - 33 stones (quivered)
 o - 2 tomahawks
Armour
 b - a +0 animal skin (worn)
 r - a +0 pair of gloves (worn)
Scrolls
 g - a scroll of remove curse {unknown}
 h - a scroll of enchant weapon {unknown}
 i - a scroll of noise {unknown}
 k - a scroll of enchant armour {unknown}
 l - a scroll of random uselessness {unknown}
 p - 4 scrolls of identify {unknown}
Potions
 e - 2 potions of mutation {unknown}
 f - 2 potions of ambrosia {unknown}
 m - 2 potions of heal wounds {unknown}
 q - a potion of degeneration {unknown}
 s - a potion of curing
Comestibles
 c - 7 rations
 d - a chunk of flesh


   Skills:
 + Level 4.7 Fighting
 + Level 4.9 Axes
 + Level 2.6 Armour
 + Level 2.5 Dodging


You had 3 spell levels left.
You didn't know any spells.

Dungeon Overview and Level Annotations

Branches:
Dungeon (3/15)

Altars:
Cheibriados
Gozag
Hepliaklqana
Kikubaaqudgha
Qazlal
Xom


Innate Abilities, Weirdness & Mutations

You reflexively headbutt those who attack you in melee.
You have a pair of horns on your head.


Message History

You hit the orc.
The orc is heavily wounded.
You hit the orc but do no damage. You closely miss the orc.
The orc priest looks encouraged for a moment.
The orc misses you. You furiously retaliate!
You headbutt the orc. The orc hits you with a short sword.
The orc priest invokes the aid of Beogh against you.
Beogh smites you! The orc closely misses you. You furiously retaliate!
You headbutt the orc.
You kill the orc!
Trog accepts your kill. The orc misses you.
The orc drinks a potion.
The orc is healed!
You hit the orc priest.
The orc priest is moderately wounded.
You hit the orc but do no damage. You barely miss the orc. You hit the orc.
The orc priest hits you with a flail of protection.
The orc hits you with a hand axe. The orc hits you with a short sword!
* * * LOW HITPOINT WARNING * * *
The orc hits you with a flail!
You die...

#.#.# #.#.#
####.#.###.# #
#..........# #.
#.####.##### ##'#
#.# ##.######
##...##.# #.......#
##.....#o###.#####.#
#....wo@.....# #.#
......oo.###.#
#.#####
.........+...
#...... .........#
#.#####.#####
#.......## #.......#
##.....## ####.####
..#...# #.# #.##+#
#.# #######.#


You could see an orc priest, a dart slug and 3 orcs.

Vanquished Creatures
  An adder (D:2)
  2 adder skeletons (D:2)
  A worm (D:2)
  A dart slug (D:3)
  3 leopard geckos
  An orc (D:3)
  A ball python (D:1)
  6 bats
  A bat zombie (D:2)
  4 giant cockroaches
  5 goblins
  4 hobgoblins
  4 jackals (D:2)
  7 kobolds
  3 frilled lizards
  6 rats
50 creatures vanquished.

Notes
Turn   | Place    | Note
-------+----------+-------------------------------------------
     0 | D:1      | nicolaieve the Minotaur Berserker began the quest for the Orb.
     0 | D:1      | Reached XP level 1. HP: 19/19 MP: 0/0
   113 | D:1      | Reached XP level 2. HP: 26/27 MP: 1/1
   589 | D:2      | Reached ** piety under Trog
   622 | D:2      | Reached XP level 3. HP: 26/34 MP: 2/2
   676 | D:2      | Found a hazy altar of Hepliaklqana.
   969 | D:2      | Reached XP level 4. HP: 33/41 MP: 3/3
  1050 | D:2      | Found an opulent altar of Gozag.
  1154 | D:2      | Found a snail-covered altar of Cheibriados.
  1243 | D:2      | Found an ancient bone altar of Kikubaaqudgha.
  1245 | D:2      | Found a stormy altar of Qazlal.
  1245 | D:2      | Found a shimmering altar of Xom.
  1296 | D:3      | Slain by an orc

Skill      XL: |  1  2 |
---------------+-------+-----
Axes           | 4 |  4.9
Fighting       | 4 |  4.7
Armour         | |  2.6
Dodging        | |  2.5

Action                   |  1- 3 |  4- 6 || total
-------------------------+-------+-------++-------
Melee: Hand axe          |    88 |    13 ||   101
       Headbutt          |     8 |     3 ||    11
  Eat: Chunk             |       |     1 ||     1
Armor: Animal skin       |    19 |     2 ||    21
Dodge: Dodged            |    63 |    11 ||    74
